 Dungeon Crawl Stone Soup version 0.30-a0-165-g1891117ce2 (webtiles) character file.

Game seed: 14563410986332597594

1676 porpoise the Slicer (level 9, -4/56 HPs)
             Began as a Kobold Brigand on Sept 28, 2022.
             Slain by a vampire (12 damage)
             ... on level 7 of the Dungeon on Sept 29, 2022.
             The game lasted 00:26:08 (6466 turns).

porpoise the Slicer (Kobold Brigand)                Turns: 6466, Time: 00:26:09

Health: -4/56      AC:  7    Str:  8    XL:     9   Next: 21%
Magic:  9/9        EV: 13    Int: 20    God:
Gold:   325        SH:  0    Dex: 19    Spells: 1/8 levels left

rFire   + . .      SeeInvis .    a - +2 dagger (venom)
rCold   . . .      Faith    .    (no shield)
rNeg    . . .      Spirit   .    J - +0 leather armour {rF+}
rPois   .          Reflect  .    (no helmet)
rElec   .          Harm     .    c - +0 cloak
rCorr   .          Rampage  .    g - +1 pair of gloves
Will    .....                    A - +0 pair of boots
Stlth   +++++.....               y - amulet of regeneration
HPRegen 0.98/turn                G - ring of flight
MPRegen 0.11/turn                I - +6 ring of intelligence

@: mighty, on berserk cooldown, flying, slowed, very slow
A: small, no large weapons, nightstalker 3
a: no special abilities


You were on level 7 of the Dungeon.
You visited 1 branch of the dungeon, and saw 7 of its levels.

You collected 325 gold pieces.

Inventory:

Hand Weapons
 a - a +2 dagger of venom (weapon)
 b - a +0 sling
 u - a +2 dagger
 w - a +0 scimitar
Missiles
 d - 25 poisoned darts (quivered)
 e - 3 curare-tipped darts
Armour
 c - a +0 cloak (worn)
 g - a +1 pair of gloves (worn)
 s - a +0 robe
 A - a +0 pair of boots (worn)
 F - a +1 scale mail of poison resistance
 J - a +0 leather armour of fire resistance (worn)
Jewellery
 y - an amulet of regeneration (around neck)
 G - a ring of flight (left hand)
 I - a +6 ring of intelligence (right hand)
Scrolls
 f - a scroll of acquirement {unknown}
 i - a scroll of vulnerability
 j - a scroll of poison
 k - 6 scrolls of teleportation
 m - a scroll of enchant armour
 o - a scroll of fear {unknown}
 q - 2 scrolls of magic mapping
 r - 2 scrolls of noise
 t - a scroll of butterflies {unknown}
 v - a scroll of enchant weapon
 D - a scroll of silence {unknown}
 K - a scroll of blinking {unknown}
Potions
 h - 5 potions of brilliance
 l - a potion of haste
 p - 3 potions of attraction
 x - a potion of flight
 B - 2 potions of invisibility
 C - a potion of magic {unknown}
 E - a potion of curing
 H - a potion of mutation {unknown}


   Skills:
 * Level 6.4 Fighting
 * Level 10.6 Short Blades
 * Level 3.2 Throwing
 - Level 1.2 Dodging
 + Level 9.0 Stealth


You had one spell level left.
You knew the following spells:

 Your Spells              Type           Power      Damage    Failure   Level
i - Ignite Poison         Fire/Tmut/Pois 0%         N/A       63%         3
o - Olgreb's Toxic Radia  Pois           0%         N/A       95%         4

Your spell library contained the following spells:

 Spells                   Type           Power      Damage    Failure   Level
 Beastly Appendage        Tmut           0%         N/A       28%         1
 Sting                    Tmut/Pois      0%         1d3       28%         1
 Poisonous Vapours        Pois/Air       0%         N/A       38%         2
 Wereblood                Tmut           0%         N/A       38%         2
 Hailstorm                Conj/Ice       0%         3d3       63%         3
 Spider Form              Tmut/Pois      0%         N/A       63%         3
 Ice Form                 Ice/Tmut       0%         N/A       95%         4
 Leda's Liquefaction      Hex/Erth       0%         N/A       95%         4
 Sticky Flame             Conj/Fire      0%         2d3       95%         4
 Lee's Rapid Deconstruct  Erth           0%         3d5*      100%        5
 Simulacrum               Ice/Necr       0%         N/A       100%        6
 Statue Form              Tmut/Erth      0%         N/A       100%        6
 Ignition                 Fire           0%         3d3       100%        8


Dungeon Overview and Level Annotations

Branches:
Dungeon (6/15)             Temple (0/1) D:7

Altars:
Ashenzari
Elyvilon
Gozag
Makhleb
Qazlal
Xom
Zin
The Shining One

Shops:
D:4 (


Innate Abilities, Weirdness & Mutations

You are small and have problems with some larger weapons.
You are completely attuned to the shadows.


Message History

You resist with some effort.
You puncture the vampire!
The vampire is moderately damaged.
You barely miss the vampire.
The vampire is moderately damaged.
The vampire barely misses you. The vampire bites you.
The vampire draws strength from your injuries!
You hit the vampire but do no damage.
The vampire is moderately damaged.
The vampire misses you. x2
You closely miss the vampire. You punch the vampire!
The vampire is heavily damaged.
You hit the vampire.
The vampire is heavily damaged.
The vampire completely misses you. The vampire barely misses you.
You hit the vampire but do no damage.
The vampire is heavily damaged.
The vampire hits you. The vampire closely misses you.
You barely miss the vampire.
The vampire is heavily damaged.
The vampire draws life force from you!
* * * LOW HITPOINT WARNING * * *
The vampire is healed by the life force!
You hit the vampire.
The vampire is heavily damaged.
You hit the vampire but do no damage.
The vampire is heavily damaged.
The vampire misses you. The vampire bites you.
* * * LOW HITPOINT WARNING * * *
The vampire draws strength from your injuries!
You closely miss the vampire.
The vampire is moderately damaged.
The vampire draws life force from you!
* * * LOW HITPOINT WARNING * * *
The vampire is healed by the life force!
You aren't carrying any items that you can evoke.
You feel better. The vampire hits you.
* * * LOW HITPOINT WARNING * * *
The vampire bites you!
You die...

.......#.
..........>
......##..
#...#..#
#.V....#.
#.@...#...
#..........
+...........#
#...........#
#..........#
#.....†....##
#...........##
......##.....##
.....####.....


You could see a vampire.

Vanquished Creatures
  Edmund (D:5)
  A water moccasin (D:6)
  2 black bears (D:5)
  2 ogres
  2 phantoms (D:4)
  A bullfrog (D:6)
  2 necrophages
  2 scorpions (D:4)
  2 jellies (D:5)
  2 orc priests
  2 gnoll boudas
  4 iguanas
  3 orc wizards
  8 gnolls
  8 adders
  A white imp (D:3)
  2 ufetubi
  3 worms
  13 orcs
  4 ball pythons
  3 endoplasms
  3 giant cockroaches
  16 goblins
  6 hobgoblins
  3 jackals (D:1)
  5 quokkas
  5 bats
  A frilled lizard (D:2)
  7 kobolds
  8 rats
122 creatures vanquished.

Notes
Turn   | Place    | Note
-------+----------+-------------------------------------------
     0 | D:1      | porpoise the Kobold Brigand began the quest for the Orb.
     0 | D:1      | Reached XP level 1. HP: 12/12 MP: 1/1
    76 | D:1      | Reached skill level 3 in Short Blades
    80 | D:1      | Reached XP level 2. HP: 18/18 MP: 2/2
   264 | D:1      | Found a faded altar of an unknown god.
   397 | D:1      | Reached XP level 3. HP: 22/22 MP: 3/3
   988 | D:2      | Reached skill level 4 in Short Blades
  1544 | D:2      | Reached XP level 4. HP: 27/27 MP: 4/4
  2448 | D:3      | Noticed an ogre
  2485 | D:3      | Killed an ogre
  2486 | D:3      | Reached skill level 5 in Short Blades
  2486 | D:3      | Reached XP level 5. HP: 18/32 MP: 5/5
  2783 | D:3      | Found an opulent altar of Gozag.
  2824 | D:3      | Reached XP level 6. HP: 37/37 MP: 6/6
  2928 | D:3      | Found a broken altar of Ashenzari.
  3115 | D:3      | Found a white marble altar of Elyvilon.
  3115 | D:3      | Found a glowing golden altar of the Shining One.
  3118 | D:3      | Found a glowing silver altar of Zin.
  3213 | D:4      | Reached skill level 6 in Short Blades
  3887 | D:4      | Found Ryewkocw's Weapon Shoppe.
  3929 | D:3      | Reached XP level 7. HP: 22/43 MP: 7/7
  4029 | D:4      | Reached skill level 7 in Short Blades
  4224 | D:4      | Found a burning altar of Makhleb.
  4861 | D:5      | Entered Level 5 of the Dungeon
  4874 | D:5      | Noticed Edmund
  4903 | D:5      | Killed Edmund
  4904 | D:5      | Reached skill level 5 in Fighting
  4904 | D:5      | Reached skill level 8 in Short Blades
  4904 | D:5      | Reached XP level 8. HP: 15/49 MP: 8/8
  5062 | D:5      | Found a stormy altar of Qazlal.
  5406 | D:5      | Reached skill level 9 in Short Blades
  5480 | D:5      | Found a shimmering altar of Xom.
  5578 | D:5      | Upgraded the game from 0.30-a0-159-g068b764562 to
                  | 0.30-a0-165-g1891117ce2
  6092 | D:6      | Reached skill level 10 in Short Blades
  6092 | D:6      | Reached XP level 9. HP: 55/55 MP: 9/9
  6392 | D:6      | You are sucked into a shaft and drop 1 floor!
  6403 | D:7      | Learned a level 4 spell: Olgreb's Toxic Radiance
  6407 | D:7      | Learned a level 3 spell: Ignite Poison
  6437 | D:7      | Found a staircase to the Ecumenical Temple.
  6465 | D:7      | HP: 2/56 [vampire/vampiric draining (11)]
  6466 | D:7      | Slain by a vampire

Illustrated notes

Levels and vault maps discovered:
D:1:      dpeg_arrival_tiny_k, layout_loops_cross,
          hellmonk_ecumenical_altar_pennies_from_heaven
D:2:      layout_rooms, minmay_misc_feat_nine_boxes
D:3:      layout_loops_ring, dreamdust_divine_triumvirate, ashenzari_altar_1,
          mainiacjoe_overflow_paths, minmay_ogre_servants
D:4:      layout_gridville, makhleb_altar_promises_db, serial_shops,
          nicolae_shop_statue_plus
D:5:      layout_loops_ring, lemuel_doored_altar,
          mainiacjoe_overflow_concentric_impassable, minmay_bent, uniq_edmund
D:6:      layout_basic, nzn_overflow_gifts_of_might_and_magic
D:7:      layout_layer_cave, riverfiend_overflow_shadow_ancestor,
          eat_drink_and_be_merry_uskayaw, mainiacjoe_overflow_six_doors_small,
          minmay_temple_entry_mini_moons, serial_shops,
          nicolae_shop_behind_doors

Skill      XL: |  1  2  3  4  5  6  7  8  9 |
---------------+----------------------------+-----
Short Blades   | 3 4 5 6 8 10 | 10.6
Fighting       | 3 4 5 6 |  6.4
Stealth        | 6 7 8 9 |  9.0
Throwing       | 3 |  3.2
Dodging        | |  1.2

Action                   |  1- 3 |  4- 6 |  7- 9 || total
-------------------------+-------+-------+-------++-------
Melee: Dagger            |    86 |    96 |   220 ||   402
       Punch             |     1 |     1 |     6 ||     8
Throw: Dart              |     2 |    21 |    12 ||    35
  Use: Scroll            |       |    12 |     5 ||    17
       Potion            |       |     2 |     6 ||     8
 Stab: Sleeping          |    17 |    11 |    24 ||    52
       Distracted        |       |     1 |       ||     1
Armor: Robe              |    11 |    19 |    19 ||    49
       Leather armour    |       |       |     7 ||     7
Dodge: Dodged            |    32 |    71 |    87 ||   190

Table legend: (Time is in decaauts)
 A = Elapsed time spent in this place.
 B = Non-inter-level travel time spent in this place.
 C = Inter-level travel time spent in this place.
 D = Time resting spent in this place.
 E = Time spent auto-exploring this place.
 F = Levels seen in this place.
 G = Mean time per level.
                   A        B        C        D        E       F      G
               +--------+--------+--------+--------+--------+-----+--------+
         Total |   6333 |   6060 |    273 |   1766 |   3210 |   7 |  904.7 |
       Dungeon |   6333 |   6060 |    273 |   1766 |   3210 |   7 |  904.7 |
               +--------+--------+--------+--------+--------+-----+--------+

Top non-repeatable levels by time:
     D:4: 1626 daAuts
     D:3: 1181 daAuts
     D:5: 1103 daAuts
     D:2: 1068 daAuts
     D:1: 930 daAuts
     D:6: 359 daAuts
     D:7: 64 daAuts
